 Dungeon Crawl Stone Soup version 0.22-a0-605-g9281fa2 (webtiles) character file.

13221 royokou the Severer (level 11, 0/97 HPs)
             Began as a Minotaur Fighter on July 8, 2018.
             Was a Priest of Makhleb.
             Slain by a skeletal warrior
             ... wielding a +0 battleaxe
              (12 damage)
             ... on level 12 of the Dungeon.
             The game lasted 00:24:08 (8763 turns).

royokou the Severer (Minotaur Fighter)              Turns: 8763, Time: 00:24:08

Health: 0/97       AC: 11    Str: 26    XL:     11   Next: 72%
Magic:  0/10       EV: 15    Int:  6    God:    Makhleb [***...]
Gold:   744        SH: 12    Dex: 12    Spells: 10/10 levels left

rFire    . . .     SeeInvis .   D - +0 war axe
rCold    . . .     Gourm    .   c - +0 shield
rNeg     . . .     Faith    .   n - +0 chain mail
rPois    .         Spirit   +   (helmet restricted)
rElec    .         Reflect  .   q - +0 cloak
rCorr    .         Harm     .   (no gloves)
MR       .....                  E - +0 pair of boots
Stlth    ..........             z - amulet of guardian spirit
HPRegen  0.26/turn              y - +4 ring of evasion
MPRegen  0.12/turn              A - ring of stealth

@: mighty, studying Shields
A: retaliatory headbutt, horns 2
a: Minor Destruction, Lesser Servant of Makhleb, Renounce Religion


You were on level 12 of the Dungeon.
You worshipped Makhleb.
Makhleb was most pleased with you.
You were not hungry.

You visited 2 branches of the dungeon, and saw 12 of its levels.
You also visited: Bailey.

You collected 744 gold pieces.

Inventory:

Hand Weapons
 C - a +0 flail
 D - a +0 war axe (weapon)
 G - a +4 battleaxe
Armour
 a - a +0 pair of boots
 b - a +0 scale mail
 c - a +0 shield (worn)
 n - a +0 chain mail (worn)
 q - a +0 cloak (worn)
 E - a +0 pair of boots (worn)
Jewellery
 y - a +4 ring of evasion (left hand)
 z - an amulet of guardian spirit (around neck)
 A - a ring of stealth (right hand)
 F - an uncursed ring of stealth
Wands
 w - a wand of flame (91)
 N - a wand of iceblast (11)
Scrolls
 e - 6 scrolls of remove curse {unknown}
 g - 8 scrolls of magic mapping {unknown}
 h - 3 scrolls of amnesia {unknown}
 j - 12 scrolls of identify {unknown}
 k - 2 scrolls of random uselessness {unknown}
 p - 2 scrolls of blinking {unknown}
 t - 5 scrolls of immolation {unknown}
 u - 4 scrolls of teleportation {unknown}
 x - 2 scrolls of fear {unknown}
 B - a scroll of vulnerability {unknown}
 L - a scroll of noise {unknown}
 M - a scroll of enchant weapon {unknown}
Potions
 d - a potion of might
 i - 3 potions of flight {unknown}
 l - 6 potions of curing {unknown}
 m - 4 potions of heal wounds
 o - a potion of haste {unknown}
 r - 2 potions of degeneration {unknown}
 s - 3 potions of ambrosia {unknown}
 v - a potion of mutation {unknown}
 I - 2 potions of brilliance {unknown}
 J - 2 potions of agility {unknown}
 K - a potion of cancellation {unknown}
Books
 H - a manual of Shields
Comestibles
 f - 23 rations


   Skills:
 + Level 9.3 Fighting
 - Level 17.0 Axes
 - Level 3.6 Armour
 + Level 7.7 Dodging
 * Level 9.6 Shields


You had 10 spell levels left.
You didn't know any spells.
Your spell library contained the following spells:

 Spells                   Type           Power        Failure   Level  Hunger
 Cause Fear               Hex            #.........   100%        4    #####..
 Magic Dart               Conj           #...         99%         1    ##.....
 Conjure Flame            Conj/Fire      #.......     100%        3    ####...
 Slow                     Hex            #.......     100%        2    ###....
 Mephitic Cloud           Conj/Pois/Air  #.......     100%        3    ####...
 Blink                    Tloc           N/A          100%        2    ###....
 Animate Dead             Necr           N/A          100%        4    #####..
 Pain                     Necr           #...         99%         1    ##.....
 Animate Skeleton         Necr           N/A          99%         1    ##.....
 Vampiric Draining        Necr           #.........   100%        3    ####...
 Call Imp                 Summ           #.......     100%        2    ###....
 Regeneration             Chrm/Necr      #.........   100%        3    ####...
 Corona                   Hex            #......      99%         1    ##.....
 Portal Projectile        Hex/Tloc       #.....       100%        3    ####...
 Leda's Liquefaction      Hex/Erth       #.........   100%        4    #####..
 Inner Flame              Hex/Fire       #.......     100%        3    ####...


Dungeon Overview and Level Annotations

Branches:
Dungeon (10/15)            Temple (1/1) D:5            Lair (0/6) D:10
    Orc: D:9-12

Altars:
Fedhas
Hepliaklqana
Makhleb
Okawaru
Qazlal
Sif Muna
Wu Jian
Xom
Yredelemnul
Zin
The Shining One

Shops:
D:6 *


Innate Abilities, Weirdness & Mutations

You reflexively headbutt those who attack you in melee.
You have a pair of horns on your head.


Message History

* * * LOW HITPOINT WARNING * * *
You feel very mighty all of a sudden.
You block the skeletal warrior's attack. x2
You slash the skeletal warrior!
Your headbutt misses the skeletal warrior.
The skeletal warrior is severely damaged.
You hit the skeletal warrior.
The skeletal warrior hits you with a battleaxe.
* * * LOW HITPOINT WARNING * * *
You hit the skeletal warrior but do no damage.
You headbutt the skeletal warrior.
The skeletal warrior is almost destroyed.
You hit the skeletal warrior but do no damage.
You block the skeletal warrior's attack.
You hit the skeletal warrior but do no damage.
Your headbutt misses the skeletal warrior.
The skeletal warrior is almost destroyed.
You hit the skeletal warrior but do no damage.
The skeletal warrior hits you with a battleaxe!
You die...

#...!...#..# #.......#..#
#...#####..# #..
#...#......# #...#
#...##'##..# #...#
#.......#..# +.#.#
#.#..##.#..# #.#.#
#..zz...##.# ###...#
#....##@######'###.#...#
+.##.+.............'.#.#
#....#.............#...#
....##+############...#
#...................# #.
#.....#..#..#..#..#.#
.#...#........#........#.#
.........................#
##########################


You could see 2 skeletal warriors.

Vanquished Creatures
  Harold (D:10)
  A two-headed ogre (D:6)
  Erica (D:8)
  A deep elf knight (Bailey)
  8 deep elf magi (Bailey)
  Pikel (D:5)
  Maurice (D:10)
  A komodo dragon (D:10)
  A hornet (D:9)
  Prince Ribbit (D:8)
  A hippogriff (D:9)
  Sigmund (D:6)
  A hungry ghost (D:10)
  5 yaks (D:9)
  2 wyverns
  A steam dragon (D:10)
  A water moccasin (D:7)
  Duvessa (D:4)
  A slave (D:5)
  2 sky beasts
  3 ice beasts
  A necrophage (D:7)
  A phantom (D:5)
  4 ogres
  4 centaurs
  3 crocodiles (D:10)
  5 bullfrogs
  Dowan (D:4)
  2 scorpions
  6 killer bees (D:7)
  5 wights
  8 howler monkeys
  3 crimson imps
  2 centaur zombies (D:8)
  A bullfrog zombie (D:8)
  2 quasits
  3 hounds
  2 orc priests
  6 jellies
  2 bullfrog skeletons
  2 centaur skeletons
  5 iguanas
  8 worker ants
  3 orc wizards (D:6)
  A killer bee zombie (D:6)
  A worker ant zombie (D:6)
  8 gnolls
  13 adders
  2 shadow imps
  6 oozes
  An adder skeleton (D:4)
  A worm (D:2)
  3 dart slugs
  6 leopard geckos
  25 orcs
  7 bats
  4 giant cockroaches
  10 goblins
  5 hobgoblins (D:1)
  14 jackals
  6 kobolds
  A quokka (D:10)
  A ball python zombie (D:6)
  4 frilled lizards
  4 hobgoblin zombies (D:8)
  A jackal zombie (D:9)
  2 orc skeletons (D:8)
  An orc zombie (D:8)
  3 rats (D:3)
245 creatures vanquished.

Vanquished Creatures (others)
  A human (D:9)
  An adder skeleton (D:5)
  An orc (D:6)
  A quokka zombie (D:6)
4 creatures vanquished.

Grand Total: 249 creatures vanquished

Notes
Turn   | Place    | Note
-------+----------+-------------------------------------------
     0 | D:1      | royokou the Minotaur Fighter began the quest for the Orb.
     0 | D:1      | Reached XP level 1. HP: 19/19 MP: 0/0
    54 | D:1      | Reached skill level 3 in Axes
    58 | D:1      | Reached XP level 2. HP: 21/26 MP: 1/1
   225 | D:1      | Reached skill level 4 in Axes
   297 | D:1      | Reached XP level 3. HP: 26/31 MP: 2/2
   746 | D:2      | Reached skill level 5 in Axes
  1141 | D:3      | Found a basalt altar of Yredelemnul.
  1268 | D:3      | Reached XP level 4. HP: 39/39 MP: 3/3
  1380 | D:3      | Found a hazy altar of Hepliaklqana.
  1515 | D:3      | Reached skill level 6 in Axes
  1826 | D:4      | Noticed Duvessa
  1826 | D:4      | Noticed Dowan
  1840 | D:4      | Killed Duvessa
  1840 | D:4      | Reached skill level 7 in Axes
  1840 | D:4      | Reached XP level 5. HP: 30/45 MP: 4/4
  1851 | D:4      | Killed Dowan
  1851 | D:4      | Reached XP level 6. HP: 37/51 MP: 5/5
  1894 | D:4      | Reached skill level 8 in Axes
  2159 | D:4      | Found a deep blue altar of Sif Muna.
  2374 | D:5      | Entered Level 5 of the Dungeon
  2480 | D:5      | Found a staircase to the Ecumenical Temple.
  2480 | D:5      | Noticed a slave
  2481 | D:5      | Noticed Pikel
  2481 | D:5      | Noticed a slave
  2482 | D:5      | Noticed a slave
  2482 | D:5      | Noticed a sky beast
  2482 | D:5      | Noticed a slave
  2516 | D:5      | Killed a slave
  2524 | D:5      | Killed Pikel
  2524 | D:5      | Reached skill level 10 in Axes
  2524 | D:5      | Reached XP level 7. HP: 34/57 MP: 6/6
  2690 | Temple   | Entered the Ecumenical Temple
  2704 | Temple   | Became a worshipper of Makhleb the Destroyer
  2750 | D:5      | Reached skill level 11 in Axes
  2820 | D:5      | Reached XP level 8. HP: 64/64 MP: 1/7
  3292 | D:5      | Reached skill level 12 in Axes
  3466 | D:6      | Noticed Sigmund
  3473 | D:6      | Killed Sigmund
  3506 | D:6      | Noticed a two-headed ogre
  3521 | D:6      | Killed a two-headed ogre
  3521 | D:6      | Reached skill level 14 in Axes
  3521 | D:6      | Reached XP level 9. HP: 13/70 MP: 1/8
  4230 | D:6      | Reached * piety under Makhleb
  4378 | D:6      | Found Dud Hoa's General Store.
  4900 | D:7      | Reached skill level 1 in Dodging
  5423 | D:7      | Reached skill level 15 in Axes
  5526 | D:7      | Reached skill level 5 in Fighting
  5596 | D:7      | Found a stormy altar of Qazlal.
  5877 | D:8      | Noticed Erica
  5885 | D:8      | Killed Erica
  5885 | D:8      | Reached XP level 10. HP: 62/82 MP: 6/9
  5921 | D:8      | Reached ** piety under Makhleb
  6193 | D:8      | Noticed Prince Ribbit
  6196 | D:8      | Killed Prince Ribbit
  6311 | D:8      | Found a glowing golden altar of the Shining One.
  6524 | D:8      | Found a flagged portal.
  6531 | Bailey   | Entered a bailey
  6538 | Bailey   | Noticed a deep elf mage
  6547 | Bailey   | Killed a deep elf mage
  6547 | Bailey   | Reached skill level 16 in Axes
  6547 | Bailey   | Reached skill level 5 in Dodging
  6610 | Bailey   | Noticed a deep elf mage
  6611 | Bailey   | Noticed a deep elf mage
  6611 | Bailey   | Noticed a deep elf mage
  6611 | Bailey   | Noticed a deep elf mage
  6611 | Bailey   | Noticed a deep elf mage
  6620 | Bailey   | Killed a deep elf mage
  6625 | Bailey   | Killed a deep elf mage
  6628 | Bailey   | Killed a deep elf mage
  6632 | Bailey   | Killed a deep elf mage
  6632 | Bailey   | Reached *** piety under Makhleb
  6634 | Bailey   | Noticed a deep elf mage
  6636 | Bailey   | Killed a deep elf mage
  6636 | Bailey   | Reached XP level 11. HP: 94/94 MP: 4/10
  6644 | Bailey   | Killed a deep elf mage
  6713 | Bailey   | Noticed a deep elf knight
  6743 | Bailey   | Killed a deep elf knight
  6802 | Bailey   | Noticed a deep elf mage
  6811 | Bailey   | Killed a deep elf mage
  6811 | Bailey   | Reached skill level 17 in Axes
  7150 | D:8      | Found a stormy altar of Qazlal.
  7312 | D:9      | Reached skill level 5 in Shields
  7357 | D:9      | Found a runed door.
  7362 | D:9      | Found a basalt altar of Yredelemnul.
  7511 | D:9      | Found a shimmering altar of Xom.
  7772 | D:10     | Entered Level 10 of the Dungeon
  8033 | D:10     | HP: 3/97 [komodo dragon (10)]
  8303 | D:10     | Found a staircase to the Lair.
  8428 | D:10     | Noticed Harold
  8457 | D:10     | Killed Harold
  8586 | D:10     | Noticed Maurice
  8600 | D:10     | Killed Maurice
  8693 | D:10     | You fall through a shaft for 2 floors!
  8735 | D:12     | Noticed a skeletal warrior
  8736 | D:12     | Noticed a skeletal warrior
  8763 | D:12     | Slain by a skeletal warrior

Vault maps used:
D:1:      onia_arrival_pentagram
D:3:      nicolae_overflow_hidden_temple, nicolae_overflow_crystal_walls,
          first_ration, grunt_decor_mini_mirrors
D:4:      lemuel_round_altar, uniq_duvessa
D:5:      minmay_temple_entry_trees, uniq_pikel
D:6:      serial_shops, nicolae_shop_behind_doors, serial_glass,
          glass_columns_a, glass_columns_a, uniq_sigmund
D:7:      kennysheep_little_box
D:8:      kennysheep_blocky_hall, nicolae_tso_besieged_by_evil, enter_bailey_3,
          lemuel_tele_altar, uniq_erica, uniq_prince_ribbit1
D:9:      overflow_temple_1_default, palyth_stone_intersect,
          hangedman_little_slice_of_home, dk_yredelemnul_ordeal
D:10:     erik_lair_dragon, uniq_maurice, uniq_harold
D:12:     orc_0_dummy, lab_entry_generic, kennysheep_generic_room_16
Temple:   nicolae_temple_elliptical
Bailey:   bailey_polearm_3, bailey

Skill      XL: |  1  2  3  4  5  6  7  8  9 10 11 |
---------------+----------------------------------+-----
Axes           | 3 4 5 7 10 11 14 15 16 17 | 17.0
Dodging        | 3 6 7 |  7.7
Fighting       | 5 7 9 |  9.3
Shields        | 9 |  9.6
Armour         | |  3.6

Action                   |  1- 3 |  4- 6 |  7- 9 | 10-12 || total
-------------------------+-------+-------+-------+-------++-------
Melee: War axe           |    84 |   118 |   257 |   229 ||   688
       Headbutt          |    11 |    18 |    43 |    69 ||   141
       Battleaxe         |       |       |       |   126 ||   126
Invok: Lesser Servant of |       |       |       |     1 ||     1
  Use: Potion            |       |       |       |     5 ||     5
 Stab: Distracted        |       |       |       |     1 ||     1
  Eat: Chunk             |     1 |     4 |    11 |    11 ||    27
Armor: Scale mail        |    39 |       |       |       ||    39
       Chain mail        |    13 |    68 |    95 |    85 ||   261
Dodge: Dodged            |    22 |    32 |    68 |   125 ||   247
Block: Shield            |    54 |    78 |   102 |    71 ||   305

Table legend:
 A = Spawn XP
 B = Non-spawn XP
 C = Spawn XP percentage of total XP
 D = Spawn monster count
 E = Non-spawn monster count
 F = Spawn count percentage of total count
 G = Total turns spent on level
                    A         B        C        D         E        F      G
               +---------+---------+-------+---------+---------+-------+---------
         Total |       0 |   18888 |   0.0 |       0 |     244 |   0.0 |  8763
               +---------+---------+-------+---------+---------+-------+---------
           D:1 |       0 |      49 |   0.0 |       0 |      23 |   0.0 |   417
           D:2 |       0 |      31 |   0.0 |       0 |      10 |   0.0 |   585
           D:3 |       0 |      80 |   0.0 |       0 |      20 |   0.0 |   635
           D:4 |       0 |     420 |   0.0 |       0 |      16 |   0.0 |   737
           D:5 |       0 |    1261 |   0.0 |       0 |      19 |   0.0 |  1037
           D:6 |       0 |    1792 |   0.0 |       0 |      27 |   0.0 |  1383
           D:7 |       0 |    1235 |   0.0 |       0 |      23 |   0.0 |  1054
           D:8 |       0 |    2843 |   0.0 |       0 |      44 |   0.0 |   894
           D:9 |       0 |    2426 |   0.0 |       0 |      31 |   0.0 |   568
          D:10 |       0 |    3273 |   0.0 |       0 |      22 |   0.0 |   913
        Bailey |       0 |    5478 |   0.0 |       0 |       9 |   0.0 |   441
               +---------+---------+-------+---------+---------+-------+---------
